SL
AUSTIN RANGERS @ RICHARDSON CITY THUNDERCATS
09/13/2020
 
TOP OF THE 1ST
Austin Rangers batting - Pitching for Richardson City Thundercats : LHP Javier Ramírez
Pitching: LHP Javier Ramírez
Batting: LHB Phil Ritchie 0-0: Called Strike
0-1: Foul Ball, location: 2F
0-2: Ball
1-2: Ground out 5-3 (Groundball, 5D)
Batting: RHB Joaquín Parra 0-0: Called Strike
0-1: Ball
1-1: Called Strike
1-2: Strikes out swinging
Batting: RHB Florian Cesaresco 0-0: Ground out 5-3 (Groundball, 56S)
Top of the 1st over - 0 run(s), 0 hit(s), 0 error(s), 0 left on base; Austin 0 - Richardson City 0
BOTTOM OF THE 1ST
Richardson City Thundercats batting - Pitching for Austin Rangers : RHP Bill Jensen
Pitching: RHP Bill Jensen
Batting: SHB Leonard O'Connor 0-0: Swinging Strike
0-1: Ball
1-1: Ball
2-1: Ball
3-1: Called Strike
3-2: Foul Ball, location: 2F
3-2: DOUBLE (Flyball, 9LD)
Batting: RHB Steve Dunn 0-0: Fly out, F4 (Popup, 34)
Batting: RHB Ray Porch 0-0: Foul Ball, location: 2F
0-1: Ground out U3 (Groundball, 3S)
Leonard O'Connor to third
Batting: LHB Terrence Eler 0-0: Called Strike
0-1: Foul Ball, location: 2F
0-2: Fly out, F9 (Flyball, 9M)
Bottom of the 1st over - 0 run(s), 1 hit(s), 0 error(s), 1 left on base; Austin 0 - Richardson City 0
TOP OF THE 2ND
Austin Rangers batting - Pitching for Richardson City Thundercats : LHP Javier Ramírez
Batting: LHB Trent Kershaw 0-0: Swinging Strike
0-1: DOUBLE (Line Drive, 9LM)
Batting: RHB Max White 0-0: Swinging Strike
0-1: Swinging Strike
0-2: Foul Ball, location: 2F
0-2: Ball
Balk!
Trent Kershaw to third
1-2: Ball
2-2: Foul Ball, location: 2F
2-2: Ball
3-2: Strikes out looking
Batting: SHB Todd Schenkel 0-0: Called Strike
0-1: Swinging Strike
0-2: Ball
Wild Pitch!
Trent Kershaw scores
1-2: Ball
2-2: Ball
3-2: Base on Balls
Batting: RHB Juan Alvarado Balk!
Todd Schenkel to second
0-0: Fly out, F5 (Line Drive, 56)
Batting: RHB Joseph Pate 0-0: Called Strike
0-1: Ball
1-1: Fly out, F9 (Flyball, 9S)
Top of the 2nd over - 1 run(s), 1 hit(s), 0 error(s), 1 left on base; Austin 1 - Richardson City 0
BOTTOM OF THE 2ND
Richardson City Thundercats batting - Pitching for Austin Rangers : RHP Bill Jensen
Batting: RHB Joey Jones 0-0: Ball
1-0: Foul Ball, location: 2F
1-1: SINGLE (Line Drive, 7LM)
Batting: SHB Eugene Parrish 0-0: Ball
1-0: Ball
2-0: Fly out, F9 (Line Drive, 89M)
Batting: LHB Jerry Wilson 0-0: Foul Ball, location: 2F
0-1: Ball
1-1: Ball
2-1: Foul Ball, location: 2F
2-2: Foul Ball, location: 2F
2-2: Foul Ball, location: 2F
2-2: Strikes out swinging
Batting: LHB Javier Ramírez 0-0: Swinging Strike
0-1: Swinging Strike
0-2: Strikes out swinging
Bottom of the 2nd over - 0 run(s), 1 hit(s), 0 error(s), 1 left on base; Austin 1 - Richardson City 0
TOP OF THE 3RD
Austin Rangers batting - Pitching for Richardson City Thundercats : LHP Javier Ramírez
Batting: RHB Bill Jensen 0-0: Ball
1-0: Called Strike
1-1: Ball
2-1: Ball
3-1: Swinging Strike
3-2: Strikes out swinging
Batting: LHB Phil Ritchie 0-0: Ball
1-0: Foul Ball, location: 2F
1-1: Called Strike
1-2: Ground out 6-3 (Groundball, 6)
Batting: RHB Joaquín Parra 0-0: Ball
1-0: Ball
2-0: Foul Ball, location: 2F
2-1: Foul Ball, location: 2F
2-2: Strikes out swinging
Top of the 3rd over - 0 run(s), 0 hit(s), 0 error(s), 0 left on base; Austin 1 - Richardson City 0
BOTTOM OF THE 3RD
Richardson City Thundercats batting - Pitching for Austin Rangers : RHP Bill Jensen
Batting: RHB Ron Ward 0-0: Called Strike
0-1: Fly out, F8 (Line Drive, 8LD)
Batting: SHB Leonard O'Connor 0-0: Ball
1-0: Ball
2-0: Ball
3-0: Called Strike
3-1: Called Strike
3-2: Strikes out looking
Batting: RHB Steve Dunn 0-0: Ball
1-0: Swinging Strike
1-1: Ground out 5-3 (Groundball, 56)
Bottom of the 3rd over - 0 run(s), 0 hit(s), 0 error(s), 0 left on base; Austin 1 - Richardson City 0
TOP OF THE 4TH
Austin Rangers batting - Pitching for Richardson City Thundercats : LHP Javier Ramírez
Batting: RHB Florian Cesaresco 0-0: Called Strike
0-1: Called Strike
0-2: Ball
1-2: Ball
2-2: Ball
3-2: Strikes out looking
Batting: LHB Trent Kershaw 0-0: Foul Ball, location: 2F
0-1: Ball
1-1: Ball
2-1: Ball
3-1: Swinging Strike
3-2: Base on Balls
Batting: RHB Max White 0-0: 2-RUN HOME RUN (Flyball, 7D), Distance : 383 ft
Batting: SHB Todd Schenkel 0-0: Ball
1-0: Foul Ball, location: 2F
1-1: Ball
2-1: Foul Ball, location: 2F
2-2: Ball
3-2: Strikes out looking
Batting: RHB Juan Alvarado 0-0: Called Strike
0-1: Ball
1-1: Ball
2-1: Ball
3-1: Foul Ball, location: 2F
3-2: Foul Ball, location: 2F
3-2: Foul Ball, location: 2F
3-2: Strikes out swinging, 2-3 out at first.
Top of the 4th over - 2 run(s), 1 hit(s), 0 error(s), 0 left on base; Austin 3 - Richardson City 0
BOTTOM OF THE 4TH
Richardson City Thundercats batting - Pitching for Austin Rangers : RHP Bill Jensen
Batting: RHB Ray Porch 0-0: Ball
1-0: Ground out 5-3 (Groundball, 56)
Batting: LHB Terrence Eler 0-0: Ball
1-0: Ball
2-0: Called Strike
2-1: Ball
3-1: SOLO HOME RUN (Flyball, 9LD), Distance : 342 ft
Batting: RHB Joey Jones 0-0: Ball
1-0: Ball
2-0: Called Strike
2-1: Foul Ball, location: 2F
2-2: Foul Ball, location: 2F
2-2: Foul Ball, location: 2F
2-2: Foul Ball, location: 2F
2-2: Fly out, F4 (Popup, 4D)
Batting: SHB Eugene Parrish 0-0: Called Strike
0-1: Fly out, F9 (Flyball, 9D)
Bottom of the 4th over - 1 run(s), 1 hit(s), 0 error(s), 0 left on base; Austin 3 - Richardson City 1
TOP OF THE 5TH
Austin Rangers batting - Pitching for Richardson City Thundercats : LHP Javier Ramírez
Batting: RHB Joseph Pate 0-0: Ball
1-0: Ball
2-0: Called Strike
2-1: SINGLE (Groundball, 6MD)
Batting: RHB Bill Jensen 0-0: Called Strike
0-1: Ball
1-1: Sac Bunt - play at first, batter OUT! 5-4
Joseph Pate to second
Batting: LHB Phil Ritchie 0-0: Fly out, F7 (Flyball, 7LM)
Batting: RHB Joaquín Parra 0-0: Ball
1-0: Foul Ball, location: 2F
1-1: Swinging Strike
1-2: Ball
2-2: SINGLE (Line Drive, 5D)
Joseph Pate to third
Runner from 3rd tries for Home, SAFE, no throw or cutoff
Pitching: RHP António Lucero
Batting: RHB Florian Cesaresco 0-0: Fly out, F8 (Line Drive, 8RM)
Top of the 5th over - 1 run(s), 2 hit(s), 0 error(s), 1 left on base; Austin 4 - Richardson City 1
BOTTOM OF THE 5TH
Richardson City Thundercats batting - Pitching for Austin Rangers : RHP Bill Jensen
Batting: LHB Jerry Wilson 0-0: Called Strike
0-1: Ball
1-1: Ball
2-1: Ball
3-1: Fly out, F7 (Flyball, 78XD)
Batting: SHB António Lucero 0-0: Fly out, F7 (Line Drive, 7M)
Batting: RHB Ron Ward 0-0: Called Strike
0-1: Ball
1-1: SINGLE (Line Drive, 7LS)
Batting: SHB Leonard O'Connor 0-0: Ball
1-0: Called Strike
1-1: Swinging Strike
1-2: Ball
2-2: Foul Ball, location: 2F
2-2: Foul Ball, location: 2F
2-2: DOUBLE (Line Drive, 3D)
Ron Ward to third
Runner from 3rd tries for Home, SAFE, no throw or cutoff
Batting: RHB Steve Dunn 0-0: Foul Ball, location: 2F
0-1: Ball
1-1: Called Strike
1-2: Foul Ball, location: 2F
1-2: SINGLE (Line Drive, 78M)
Leonard O'Connor to third
Runner from 3rd tries for Home, SAFE, no throw or cutoff
Batting: RHB Ray Porch 0-0: Ball
1-0: Fielders Choice at 2nd, U4 (Groundball, 4M)
Bottom of the 5th over - 2 run(s), 3 hit(s), 0 error(s), 1 left on base; Austin 4 - Richardson City 3
TOP OF THE 6TH
Austin Rangers batting - Pitching for Richardson City Thundercats : RHP António Lucero
Batting: LHB Trent Kershaw 0-0: Ball
1-0: Foul Ball, location: 2F
1-1: Ball
2-1: Swinging Strike
2-2: Foul Ball, location: 2F
2-2: Foul Ball, location: 2F
2-2: Ball
3-2: Ground out 4-3 (Groundball, 4)
Batting: RHB Max White 0-0: Swinging Strike
0-1: Ball
1-1: Swinging Strike
1-2: Strikes out swinging
Batting: SHB Todd Schenkel 0-0: Foul Ball, location: 2F
0-1: Ball
1-1: Called Strike
1-2: Foul Ball, location: 2F
1-2: Strikes out swinging
Top of the 6th over - 0 run(s), 0 hit(s), 0 error(s), 0 left on base; Austin 4 - Richardson City 3
BOTTOM OF THE 6TH
Richardson City Thundercats batting - Pitching for Austin Rangers : RHP Bill Jensen
Batting: LHB Terrence Eler 0-0: Called Strike
0-1: SINGLE (Groundball, 6M)
Batting: RHB Joey Jones 0-0: Called Strike
0-1: Foul Ball, location: 2F
0-2: Ball
1-2: Ball
Wild Pitch!
Terrence Eler to second
2-2: Foul Ball, location: 2F
2-2: Ground out 5-3 (Groundball, 56)
Batting: SHB Eugene Parrish 0-0: Ball
1-0: Foul Ball, location: 2F
1-1: Fly out, F9 (Flyball, 89XD)
Runner from 2nd tags up, SAFE at 3rd, no throw
Pitching: RHP Joe Johnson
Now at 2B: Jon MacIntyre
Batting: LHB Jerry Wilson 0-0: Swinging Strike
0-1: Ball
1-1: Foul Ball, location: 2F
1-2: Foul Ball, location: 2F
1-2: Strikes out looking
Bottom of the 6th over - 0 run(s), 1 hit(s), 0 error(s), 1 left on base; Austin 4 - Richardson City 3
TOP OF THE 7TH
Austin Rangers batting - Pitching for Richardson City Thundercats : RHP António Lucero
Batting: RHB Juan Alvarado 0-0: Foul Ball, location: 2F
0-1: Fly out, F8 (Flyball, 8LD)
Batting: RHB Joseph Pate 0-0: Called Strike
0-1: Ball
1-1: SINGLE (Line Drive, 7S)
Batting: LHB Jon MacIntyre 0-0: Ball
1-0: Called Strike
1-1: Called Strike
1-2: SINGLE (Groundball, 3L)
Joseph Pate to second
Runner from 2nd tries for 3rd, SAFE, throw made to third
Batting: LHB Phil Ritchie 0-0: Called Strike
0-1: Swinging Strike
0-2: Ball
1-2: Fly out, F7 (Flyball, 7LM)
Runner from 3rd tags up, SCORES, no throw
Pinch Hitting: RHB Chip Teague 0-0: Ball
1-0: Called Strike
1-1: Swinging Strike
1-2: Strikes out swinging
Top of the 7th over - 1 run(s), 2 hit(s), 0 error(s), 1 left on base; Austin 5 - Richardson City 3
BOTTOM OF THE 7TH
Richardson City Thundercats batting - Pitching for Austin Rangers : RHP Joe Johnson
Pitching: LHP Harry Evans
Pinch Hitting: RHB Jorge Gómez 0-0: Called Strike
0-1: Ball
1-1: Called Strike
1-2: Ground out 4-3 (Groundball, 34D)
Batting: RHB Ron Ward 0-0: Called Strike
0-1: Foul Ball, location: 2F
0-2: Ball
1-2: Ball
2-2: Strikes out swinging
Batting: SHB Leonard O'Connor 0-0: Ball
1-0: Ball
2-0: Ball
3-0: Foul Ball, location: 2F
3-1: Swinging Strike
3-2: Foul Ball, location: 2F
3-2: Foul Ball, location: 2F
3-2: Ground out 5-3 (Groundball, 56S)
Bottom of the 7th over - 0 run(s), 0 hit(s), 0 error(s), 0 left on base; Austin 5 - Richardson City 3
TOP OF THE 8TH
Austin Rangers batting - Pitching for Richardson City Thundercats : RHP António Lucero
Pitching: RHP Stanley Neal
Batting: RHB Florian Cesaresco 0-0: Called Strike
0-1: Called Strike
0-2: Ball
1-2: Strikes out swinging
Batting: LHB Trent Kershaw 0-0: Ball
1-0: Ball
2-0: Called Strike
2-1: Foul Ball, location: 2F
2-2: Foul Ball, location: 2F
2-2: Ball
3-2: Foul Ball, location: 2F
3-2: Strikes out looking
Batting: RHB Max White 0-0: Foul Ball, location: 2F
0-1: Fly out, F9 (Flyball, 89M)
Top of the 8th over - 0 run(s), 0 hit(s), 0 error(s), 0 left on base; Austin 5 - Richardson City 3
BOTTOM OF THE 8TH
Richardson City Thundercats batting - Pitching for Austin Rangers : LHP Harry Evans
Batting: RHB Steve Dunn 0-0: Called Strike
0-1: Ball
1-1: Ball
2-1: Fly out, F3 (Popup, 3DF)
Batting: RHB Ray Porch 0-0: Ball
1-0: Ball
2-0: Ball
3-0: Base on Balls
Pitching: RHP Mike Warren
Batting: LHB Terrence Eler 0-0: Called Strike
0-1: Ball
1-1: Foul Ball, location: 2F
1-2: SINGLE (Groundball, 25) (infield hit)
Ray Porch to second
Pinch Runner at 2nd Will Thomas:
Batting: RHB Joey Jones 0-0: Ball
1-0: Foul Ball, location: 2F
1-1: Ball
2-1: Ball
3-1: Swinging Strike
3-2: Foul Ball, location: 2F
3-2: Base on Balls
Will Thomas to third
Terrence Eler to second
Pinch Hitting: RHB Yong-oon Yi 0-0: Reached on error, E1 (Groundball, 13)
Will Thomas scores
Terrence Eler to third
Joey Jones to second
Batting: LHB Jerry Wilson 0-0: Swinging Strike
0-1: Ball
1-1: Ball
2-1: Ball
3-1: Fly out, F8 (Flyball, 8LM)
Throwing error, E8
Terrence Eler scores
Joey Jones to third
Yong-oon Yi to second
Pinch Hitting: LHB Jack Schmitt 0-0: Called Strike
0-1: Called Strike
0-2: Ball
1-2: Ball
2-2: Strikes out swinging
Bottom of the 8th over - 2 run(s), 1 hit(s), 2 error(s), 2 left on base; Austin 5 - Richardson City 5
TOP OF THE 9TH
Austin Rangers batting - Pitching for Richardson City Thundercats : RHP Stanley Neal
Pitching: RHP Dave Reed
Now at 1B: Will Thomas
Now at SS: Spencer Curry
Batting: SHB Todd Schenkel 0-0: Ball
1-0: Foul Ball, location: 2F
1-1: Ball
2-1: SINGLE (Groundball, 34D)
Pinch Hitting: RHB Randy Gregory 0-0: Bunted foul
0-1: Bunt missed!
0-2: Fly out, F7 (Flyball, 7LM)
Batting: RHB Joseph Pate 0-0: Ball
1-0: Foul Ball, location: 2F
1-1: Ball
2-1: Foul Ball, location: 2F
2-2: Foul Ball, location: 2F
2-2: Ball
3-2: SINGLE (Groundball, 56D)
Todd Schenkel to second
Batting: LHB Jon MacIntyre 0-0: Called Strike
0-1: Swinging Strike
0-2: Strikes out swinging
Batting: LHB Phil Ritchie 0-0: Called Strike
0-1: Called Strike
0-2: Ball
1-2: Foul Ball, location: 2F
1-2: Strikes out swinging
Top of the 9th over - 0 run(s), 2 hit(s), 0 error(s), 2 left on base; Austin 5 - Richardson City 5
BOTTOM OF THE 9TH
Richardson City Thundercats batting - Pitching for Austin Rangers : RHP Mike Warren
Pitching: LHP Han-lee Pak
Now at 1B: Randy Gregory
Now at SS: Justin Maldonado
Batting: RHB Ron Ward 0-0: SINGLE (Line Drive, 78S)
Batting: SHB Leonard O'Connor 0-0: Ball
1-0: Reached on error, E6 (Groundball, 6)
Ron Ward to second
Batting: RHB Steve Dunn 0-0: Ball
1-0: Foul Ball, location: 2F
1-1: Swinging Strike
1-2: Strikes out looking
Batting: RHB Will Thomas 0-0: Foul Ball, location: 2F
0-1: 3-RUN HOME RUN (Flyball, 7D), Distance : 373 ft
This league is powered by Out of the Park Baseball, the baseball management simulation game for PC, Mac and Linux
Friday, October 23rd, 2015 - OOTP Baseball 16.9 Build 39